 Dungeon Crawl Stone Soup version 0.30-a0-897-ga2f19c967e (webtiles) character file.

Game seed: 8327615309540713774

2 M4edhros the Charlatan (level 1, -8/13 HPs)
             Began as an Octopode Artificer on Mar 18, 2023.
             Mangled by a worm (11 damage)
             ... on level 2 of the Dungeon.
             The game lasted 00:00:11 (65 turns).

M4edhros the Charlatan (Octopode Artificer)           Turns: 65, Time: 00:00:11

Health: -8/13      AC:  1    Str: 11    XL:     1   Next: 30%
Magic:  1/1        EV: 13    Int: 13    God:
Gold:   10         SH:  0    Dex: 12    Spells: 0/0 levels left

rFire   . . .      SeeInvis .    (no weapon)
rCold   . . .      Faith    .    (no shield)
rNeg    . . .      Spirit   .    (helmet restricted)
rPois   .          Reflect  .    (no amulet)
rElec   .          Rampage  .    (no ring)
rCorr   .                        (no ring)
Will    .....                    (no ring)
Stlth   +++                      (no ring)
HPRegen 0.22/turn                (no ring)
MPRegen 0.07/turn                (no ring)
                                 (no ring)
                                 (no ring)

@: no status effects
A: almost no armour, amphibious, 8 rings, camouflage 1, gelatinous body 1,
(nimble swimmer 1), tentacles
a: no special abilities


You were on level 2 of the Dungeon.
You visited 1 branch of the dungeon, and saw 2 of its levels.

You collected 10 gold pieces.

Inventory:

Wands
 b - a wand of flame (15) (quivered)
 c - a wand of charming (15)
 d - a wand of iceblast (5)


   Skills:
 + Level 1.1 Fighting
 + Level 2.4 Dodging
 - Level 1.3 Stealth
 - Level 3.2 Evocations


You couldn't memorise any spells.
You didn't know any spells.
Your spell library was empty.

Dungeon Overview and Level Annotations

Branches:
Dungeon (2/15)

Altars:


Innate Abilities, Weirdness & Mutations

You cannot wear most types of armour.
You are amphibious.
You can wear up to eight rings at the same time.
Your skin changes colour to match your surroundings (Stealth+).
Your rubbery body absorbs attacks. (AC +1, EV +1)
((You are camouflaged when in or above water. (Stealth+)))
You have tentacles for arms and can constrict up to eight enemies at once.


Message History

There is a stone staircase leading up here.
A rat comes into view.
A rat is nearby!
A rat is nearby!
The rat misses you.
A rat is nearby!
You tentacle-slap the rat but do no damage.
You grab the rat. You constrict the rat. The rat bites you but does no damage.
You tentacle-slap the rat. You squeeze the rat.
You kill the rat!
No target in view!
No target in view!
No target in view!
A worm comes into view.
A worm is nearby!
A worm is nearby!
A worm is nearby!
The helpless worm fails to defend itself.
You tentacle-slap the worm. Your grab misses the worm.
The worm is lightly wounded.
You barely miss the worm. You grab the worm.
The worm is lightly wounded.
You constrict the worm. The worm bites you!
Ouch! That really hurt!
* * * LOW HITPOINT WARNING * * *
You are too injured to fight recklessly!
You are too injured to fight recklessly!
You are too injured to fight recklessly!
You are too injured to fight recklessly!
You are too injured to fight recklessly!
You are too injured to fight recklessly!
You tentacle-slap the worm. You squeeze the worm.
The worm is moderately wounded.
You constrict the worm.
You tentacle-slap the worm but do no damage.
You tentacle-slap the worm.
The worm is heavily wounded.
You constrict the worm. The worm bites you!
Ouch! That really hurt!
You die...

#.# #.# #.#
#.# #.# #.#
#.# #.# #.#
#.# ####.#
#.# #<...#
#.#
.########.##
......w@...#
############


You could see a worm.

Vanquished Creatures
  2 bats (D:1)
  A rat (D:2)
3 creatures vanquished.

Notes
Turn   | Place    | Note
-------+----------+-------------------------------------------
     0 | D:1      | M4edhros the Octopode Artificer began the quest for the
                  | Orb.
     0 | D:1      | Reached XP level 1. HP: 13/13 MP: 1/1
    65 | D:2      | Mangled by a worm

Illustrated notes

Levels and vault maps discovered:
D:1:      wander_arrival_peaceful_grave, layout_basic, due_unseen_surprise
D:2:      minmay_razor_zed, layout_basic, serial_undead, serial_undead_c,
          serial_undead_d, serial_undead_e, serial_undead_e, serial_undead_d,
          serial_undead_c, nicolae_grassy_gnolls, uniq_robin, uniq_jessica,
          uniq_terence

Action                     || total
---------------------------++-------
  Melee: Unarmed           ||    15
         Constrict         ||     3
         Tentacles         ||     3
         Punch             ||     1
   Stab: Sleeping          ||     1
 Armour: Skin              ||     3
  Dodge: Dodged            ||    15

Table legend: (Time is in decaauts)
 A = Elapsed time spent in this place.
 B = Non-inter-level travel time spent in this place.
 C = Inter-level travel time spent in this place.
 D = Time resting spent in this place.
 E = Time spent auto-exploring this place.
 F = Levels seen in this place.
 G = Mean time per level.
                   A        B        C        D        E       F      G
               +--------+--------+--------+--------+--------+-----+--------+
         Total |     64 |     62 |      2 |      0 |     29 |   2 |   32.0 |
       Dungeon |     64 |     62 |      2 |      0 |     29 |   2 |   32.0 |
               +--------+--------+--------+--------+--------+-----+--------+

Top non-repeatable levels by time:
     D:2: 33 daAuts
     D:1: 31 daAuts
